 Dungeon Crawl Stone Soup version 0.30-a0-802-gb92711bcdf (webtiles) character file.

Game seed: 11201024903069095224

114 Pimp the Shield-Bearer (level 4, -1/41 HPs)
             Began as a Minotaur Fighter on Feb 23, 2023.
             Succumbed to Ijyb's poison
             ... on level 3 of the Dungeon.
             The game lasted 00:04:02 (1695 turns).

Pimp the Shield-Bearer (Minotaur Fighter)           Turns: 1695, Time: 00:04:03

Health: -1/41      AC:  7    Str: 22    XL:     4   Next: 67%
Magic:  3/3        EV:  9    Int:  5    God:
Gold:   130        SH:  4    Dex: 10    Spells: 3/3 levels left

rFire   . . .      SeeInvis .    a - +0 long sword
rCold   . . .      Faith    .    c - +0 buckler
rNeg    . . .      Spirit   .    b - +0 scale mail
rPois   .          Reflect  .    (helmet restricted)
rElec   .          Harm     .    (no cloak)
rCorr   .          Rampage  .    (no gloves)
Will    .....                    (no boots) Stlth
                                 (no amulet)
HPRegen 0.26/turn                (no ring)
MPRegen 0.08/turn                (no ring)

@: mighty, lethally poisoned (-1 -> -9)
A: horns 2, retaliatory headbutt
a: no special abilities


You were on level 3 of the Dungeon.
You visited 1 branch of the dungeon, and saw 3 of its levels.

You collected 130 gold pieces.

Inventory:

Hand Weapons
 a - a +0 long sword (weapon)
Missiles
 j - 4 boomerangs (quivered)
Armour
 b - a +0 scale mail (worn)
 c - a +0 buckler (worn)
Scrolls
 g - a scroll of identify
 k - a scroll of summoning {unknown}
 l - a scroll of vulnerability {unknown}
 m - a scroll of fear {unknown}
Potions
 e - a potion of flight {unknown}
 h - a potion of attraction {unknown}
 i - 2 potions of magic {unknown}
 n - a potion of haste {unknown}


   Skills:
 + Level 4.5 Fighting
 + Level 3.5 Long Blades
 + Level 4.5 Armour
 + Level 4.6 Shields


You had 3 spell levels left.
You didn't know any spells.
Your spell library contained the following spells:

 Spells                   Type           Power      Damage    Failure   Level
 Summon Small Mammal      Summ           0%         N/A       87%         1
 Static Discharge         Conj/Air       0%         2-2/arc   95%         2
 Call Canine Familiar     Summ           0%         N/A       99%         3
 Summon Guardian Golem    Hex/Summ       0%         N/A       99%         3
 Vhi's Electric Charge    Tloc/Air       0%         N/A       99%         3
 Arcjolt                  Conj/Air       0%         1d10      100%        5
 Lightning Bolt           Conj/Air       0%         1d11      100%        5


Dungeon Overview and Level Annotations

Branches:
Dungeon (3/15)

Altars:

Annotations:
D:3 Ijyb


Innate Abilities, Weirdness & Mutations

You have a pair of horns on your head.
You reflexively headbutt those who attack you in melee.


Message History

You slash the rat!
You kill the rat!
You see here a rat corpse.
You barely miss Ijyb.
Ijyb screams, "No!
No, no, no, no!"
Ijyb hits you with a +6 dagger of venom.
You are poisoned.
You closely miss Ijyb. You headbutt Ijyb, but do no damage.
You feel sick.
Ijyb hits you with a +6 dagger of venom.
You are more poisoned.
Ijyb hits you with a +6 dagger of venom.
You are more poisoned.
You hit Ijyb.
Ijyb is lightly wounded.
You feel very sick. You block Ijyb's attack.
You hit Ijyb but do no damage. Your headbutt misses Ijyb.
Ijyb is lightly wounded.
You feel very sick. Ijyb hits you but does no damage.
You are lethally poisoned!
You completely miss Ijyb.
Ijyb is lightly wounded.
* * * LOW HITPOINT WARNING * * *
You feel very sick.
Ijyb hits you with a +6 dagger of venom!
* * * LOW HITPOINT WARNING * * *
You are more poisoned.
You feel better.
Ijyb hits you with a +6 dagger of venom.
* * * LOW HITPOINT WARNING * * *
You are lethally poisoned!
Okay, then.
You feel very mighty all of a sudden.
* * * LOW HITPOINT WARNING * * *
You feel very sick.
Ijyb zaps a wand.
You resist with some effort.
You barely miss Ijyb.
Ijyb is lightly wounded.
You die...

.....# .....#
.....# .....# ####
.....# .... .....#
#...
.....#############
+...
.................#
#...
################@#
#... #g# #... #.#
#... #.# #... #.#
#### #.# #.# ###
..# #.. ########.#


You could see Ijyb.

Vanquished Creatures
  Robin (D:3)
  2 adders (D:3)
  3 worms
  3 bats
  7 endoplasms
  7 goblins
  21 hobgoblins
  6 jackals (D:1)
  5 kobolds
  2 quokkas
  3 ball pythons
  2 frilled lizards
  6 rats
68 creatures vanquished.

Vanquished Creatures (others)
  A fungus (D:3)
1 creature vanquished.

Grand Total: 69 creatures vanquished

Notes
Turn   | Place    | Note
-------+----------+-------------------------------------------
     0 | D:1      | Pimp the Minotaur Fighter began the quest for the Orb.
     0 | D:1      | Reached XP level 1. HP: 19/19 MP: 0/0
   102 | D:1      | Reached XP level 2. HP: 22/27 MP: 1/1
   701 | D:1      | Reached XP level 3. HP: 33/33 MP: 2/2
   915 | D:2      | Identified the +1 dagger of the Abyss {venom, rF+ rC+
                  | Dex+3}
  1438 | D:3      | Reached XP level 4. HP: 37/41 MP: 3/3
  1519 | D:3      | Noticed Robin
  1533 | D:3      | Killed Robin
  1600 | D:3      | Found a faded altar of an unknown god.
  1684 | D:3      | Noticed Ijyb
  1694 | D:3      | HP: 1/41 [poisoned by Ijyb]
  1695 | D:3      | Succumbed to Ijyb's poison

Illustrated notes

Levels and vault maps discovered:
D:1:      shiori_shiawase, layout_basic
D:2:      layout_rooms, dk_noncrumbling_4
D:3:      layout_basic, chequers_ecumenical_altar_island, minivault_26,
          nicolae_kite_square_tiling_tiny, dreamdust_mushroom_princess,
          uniq_robin, uniq_ijyb

Skill      XL: |  1  2  3 |
---------------+----------+-----
Fighting       | 4 |  4.5
Shields        | 4 |  4.6
Armour         | 4 |  4.5
Long Blades    | 3 |  3.5

Action                     |  1- 3 |  4- 6 || total
---------------------------+-------+-------++-------
  Melee: Long sword        |    86 |    42 ||   128
         Headbutt          |    13 |     9 ||    22
    Use: Scroll            |     1 |       ||     1
         Potion            |       |     2 ||     2
 Armour: Scale mail        |    47 |    15 ||    62
  Dodge: Dodged            |    64 |    25 ||    89
  Block: Buckler           |    23 |    16 ||    39

Table legend: (Time is in decaauts)
 A = Elapsed time spent in this place.
 B = Non-inter-level travel time spent in this place.
 C = Inter-level travel time spent in this place.
 D = Time resting spent in this place.
 E = Time spent auto-exploring this place.
 F = Levels seen in this place.
 G = Mean time per level.
                   A        B        C        D        E       F      G
               +--------+--------+--------+--------+--------+-----+--------+
         Total |   1732 |   1702 |     30 |     50 |   1244 |   3 |  577.3 |
       Dungeon |   1732 |   1702 |     30 |     50 |   1244 |   3 |  577.3 |
               +--------+--------+--------+--------+--------+-----+--------+

Top non-repeatable levels by time:
     D:1: 829 daAuts
     D:2: 536 daAuts
     D:3: 365 daAuts
